Jets vs Wild

Created - Sunday, December 28, 2014 at 23:22

Goals
1 2 3 T
Jets 6 0 2 8
Wild 0 2 1 3
Shots
1 2 3 T
Jets 11 13 7 31
Wild 6 15 12 33

1st period

1. Jets , Max Pacioretty 19 (Wayne Simmonds) at 1:06
2. Jets , Wayne Simmonds 6 (Tyler Myers, Kris Russell) at 3:28
3. Jets , Oliver Ekman-Larsson 9 (Alex Ovechkin, Kyle Turris) at 5:03
4. Jets , Ryan Getzlaf 13 (Danny DeKeyser, Alex Ovechkin) at 5:33
5. Jets , Ryan Getzlaf 14 (Teemu Selanne, Sergei Bobrovsky) at 6:50
6. Jets , Ryan Getzlaf 15 (Alex Ovechkin, Teemu Selanne) at 7:49 (PP)

Penalties :
Alexandre Burrows (Min) for Roughing (Double Minor) at 7:11, Alexandre Burrows (Min) for Hooking (Minor) at 18:35

2nd period

7. Wild , Luke Schenn 1 (Marek Zidlicky, Drew Miller) at 4:09
8. Wild , Luke Schenn 2 (Tuomo Ruutu, Brad Marchand) at 15:01

Penalties :
Alex Ovechkin (Wpg) for Hooking (Minor) at 6:55, Brad Marchand (Min) for Interference (Minor) at 16:54

3rd period

9. Jets , Max Pacioretty 20 (Oliver Ekman-Larsson) at 3:37
10. Jets , John Tavares 11 (Tyler Myers) at 7:00 (PP)
11. Wild , Mark Streit 5 (Bryce Salvador, Antti Niemi) at 15:17 (PP)

Penalties :
Brad Marchand (Min) for Interference (Minor) at 5:53, Ryan Getzlaf (Wpg) for Interference (Minor) at 13:39

Goalie Stats

Sergei Bobrovsky (Wpg), 30 saves from 33 shots - (0.909), W, 25-8-1, 60:00 minutes
Antti Niemi (Min), 23 saves from 27 shots - (0.852), 54:27 minutes
Niklas Backstrom (Min), 0 saves from 4 shots - (0.000), L, 2-7-0, 5:33 minutes

Players Stats for Jets

Player Name              G  A  P  +/- PIM S  H  SB GA TA FO     MP     PP MP  PK MP  
------------------------------------------------------------------------------------
Alex Ovechkin            0  3  3   3  2   3  6  0  4  0  3/3    24:52   4:27   0:57 
Colin Wilson             0  0  0   0  0   0  0  0  0  0  0/0     0:29   0:00   0:00 
Danny DeKeyser           0  1  1   2  0   1  0  1  1  0  0/0    21:17   1:59   0:00 
Erik Johnson             0  0  0   1  0   1  1  2  0  0  0/0    28:14   5:21   2:51 
Frans Nielsen            0  0  0   2  0   0  1  0  0  0  5/8     9:18   1:30   0:00 
John Tavares             1  0  1  -2  0   2  2  0  1  1  10/11  17:12   1:23   0:00 
Kris Russell             0  1  1   2  0   0  0  3  0  0  0/0     4:15   0:22   0:00 
Kyle Turris              0  1  1   2  0   1  0  0  0  0  5/7    13:29   0:22   0:00 
Marcus Kruger            0  0  0  -2  0   0  0  2  0  1  1/1    15:07   0:00   2:23 
Max Pacioretty           2  0  2   3  0   5  2  0  2  1  0/1    21:10   3:15   0:49 
Nick Bjugstad            0  0  0   1  0   0  1  0  0  0  2/3    11:52   0:00   1:23 
Oliver Ekman-Larsson     1  1  2   1  0   5  0  1  1  2  0/0    28:14   5:21   2:51 
Oscar Klefbom            0  0  0   1  0   0  0  0  0  1  0/0    16:41   0:00   0:46 
Ryan Getzlaf             3  0  3   0  2   5  4  0  3  0  11/19  26:31   4:27   1:42 
Ryan Murray              0  0  0   0  0   0  0  0  0  0  0/0     0:00   0:00   0:00 
Teemu Selanne            0  2  2   2  0   2  0  0  3  0  1/1    15:39   4:27   0:00 
Tyler Myers              0  2  2   1  0   1  1  0  1  1  0/0    21:15   2:21   0:46 
Wayne Simmonds           1  1  2   3  0   5  6  1  2  1  0/0    20:36   3:15   0:00 

Players Stats for Wild

Player Name              G  A  P  +/- PIM S  H  SB GA TA FO     MP     PP MP  PK MP  
------------------------------------------------------------------------------------
Alexandre Burrows        0  0  0  -3  6   0  3  1  0  1  4/13   17:21   1:45   0:00 
Brad Marchand            0  1  1   1  4   3  1  0  2  0  0/1    12:11   0:00   0:00 
Bryce Salvador           0  1  1  -3  0   1  0  1  0  1  0/0    20:14   1:17   1:48 
Chris Neil               0  0  0  -3  0   0  2  0  0  0  0/0    12:45   0:00   0:00 
Cody Franson             0  0  0  -2  0   0  1  3  0  2  0/0    27:19   2:20   5:54 
Dan Boyle                0  0  0  -1  0   2  0  2  0  0  0/0    23:52   2:20   5:54 
Dana Tyrell              0  0  0   1  0   0  0  0  0  0  0/1     9:32   1:45   0:00 
Drew Miller              0  1  1   1  0   1  1  0  2  0  0/1    11:30   0:00   1:54 
Jerred Smithson          0  0  0   1  0   1  1  0  0  0  4/10   11:07   0:00   0:00 
Jordan Eberle            0  0  0  -3  0   2  0  1  1  0  0/0    20:07   1:52   1:15 
Luke Schenn              2  0  2   0  0   2  3  0  0  0  0/0    17:40   0:00   1:48 
Marek Zidlicky           0  1  1   1  0   4  1  0  4  1  0/0    12:25   0:00   0:00 
Mark Streit              1  0  1  -3  0   4  0  1  0  2  0/0    18:26   1:17   0:00 
Maxime Talbot            0  0  0  -3  0   2  2  0  1  0  1/7    14:30   1:45   0:00 
Michal Handzus           0  0  0   1  0   1  0  0  1  0  4/5     7:47   0:00   0:00 
Patrik Elias             0  0  0  -3  0   6  0  0  2  1  3/14   21:20   1:52   6:27 
Thomas Vanek             0  0  0  -3  0   3  1  0  0  0  0/1    22:51   1:52   5:48 
Tuomo Ruutu              0  1  1   1  0   1  0  0  0  0  0/1    11:07   0:00   0:00 

3 Stars

1 - Ryan Getzlaf (Wpg)
2 - Wayne Simmonds (Wpg)
3 - Max Pacioretty (Wpg)

Power Play

Jets - 2 on 5 Attempt(s) - 40.00%
Wild - 1 on 2 Attempt(s) - 50.00%

Penalty Kill

Jets - 1 on 2 Attempt(s) - 50.00% - Score 0 goal in Penalty Kill
Wild - 3 on 5 Attempt(s) - 60.00% - Score 0 goal in Penalty Kill

Official

Referees : Unknown
Linesman : Unknown

Game Notes

Antti Niemi enters game at 5:33 of 1st period
Ryan Getzlaf has scored a Hat Trick!
Kris Russell is injured at 14:38 of 1st period (Lacerated Right Calf)
Frans Nielsen is injured at 9:11 of 2nd period (Sprained Left Ankle)

Finance

Level 1 -- Attendance: 4210 (70.17%) -- Ticket Income $421,000
Level 2 -- Attendance: 3850 (77.00%) -- Ticket Income $231,000
Level 3 -- Attendance: 1515 (75.75%) -- Ticket Income $53,025
Level 4 -- Attendance: 2936 (73.40%) -- Ticket Income $58,720
Luxury Box -- Attendance: 651 (65.10%) -- Ticket Income $130,200
Game was played at the Xcel Energy Center
Total Attendance: 13162 (73.12%)
Total Ticket Income: $893,945
Other Income: $438,033
Total Income: $1,331,978

Jets

5 vs 5 Forward 
   Center                   Left Wing                Right Wing               Time % Phy DF OF 
 1 Ryan Getzlaf             Alex Ovechkin            Teemu Selanne            35     1   2  2  
 2 Frans Nielsen            Max Pacioretty           Wayne Simmonds           30     1   2  2  
 3 John Tavares             Marcus Kruger            Ryan Getzlaf             22     1   2  2  
 4 Kyle Turris              Nick Bjugstad            Alex Ovechkin            13     1   2  2  

5 vs 5 Defense 
   Defense                  Defense                                           Time % Phy DF OF 
 1 Oliver Ekman-Larsson     Erik Johnson                                      35     1   2  2  
 2 Tyler Myers              Kris Russell                                      30     1   2  2  
 3 Danny DeKeyser           Oscar Klefbom                                     22     1   2  2  
 4 Oliver Ekman-Larsson     Erik Johnson                                      13     1   2  2  

PowerPlay Forward 
   Center                   Left Wing                Right Wing               Time % Phy DF OF 
 1 Ryan Getzlaf             Alex Ovechkin            Teemu Selanne            60     1   2  2  
 2 Frans Nielsen            Max Pacioretty           Wayne Simmonds           40     1   2  2  

PowerPlay Defense
   Defense                  Defense                                           Time % Phy DF OF 
 1 Oliver Ekman-Larsson     Erik Johnson                                      60     1   2  2  
 2 Tyler Myers              Kris Russell                                      40     1   2  2  

Penalty Kill 4 Players Forward 
   Center                   Wing                     Time % Phy DF OF 
 1 Ryan Getzlaf             Alex Ovechkin            60     1   2  2  
 2 Frans Nielsen            Max Pacioretty           40     1   2  2  

Penalty Kill 4 Players Defense
   Defense                  Defense                  Time % Phy DF OF 
 1 Oliver Ekman-Larsson     Erik Johnson             60     1   2  2  
 2 Tyler Myers              Kris Russell             40     1   2  2  

Penalty Kill - 3 Players Forward 
   Forward                                           Time % Phy DF OF 
 1 Ryan Getzlaf                                      60     1   2  2  
 2 Alex Ovechkin                                     40     1   2  2  

Penalty Kill - 3 Players Defense
   Defense                  Defense                  Time % Phy DF OF 
 1 Oliver Ekman-Larsson     Erik Johnson             60     1   2  2  
 2 Tyler Myers              Kris Russell             40     1   2  2  

4 vs 4 Forward 
   Center                   Wing                     Time % Phy DF OF 
 1 Ryan Getzlaf             Alex Ovechkin            60     1   2  2  
 2 Frans Nielsen            Max Pacioretty           40     1   2  2  

4 vs 4 Defense
   Defense                  Defense                  Time % Phy DF OF 
 1 Oliver Ekman-Larsson     Erik Johnson             60     1   2  2  
 2 Tyler Myers              Kris Russell             40     1   2  2  

Last Minutes Offensive
   Center                   Left Wing                Right Wing               Defense                  Defense                  
   Ryan Getzlaf             Alex Ovechkin            Teemu Selanne            Oliver Ekman-Larsson     Erik Johnson             

Last Minutes Defensive
   Center                   Left Wing                Right Wing               Defense                  Defense                  
   Ryan Getzlaf             Alex Ovechkin            Teemu Selanne            Oliver Ekman-Larsson     Erik Johnson             

Goaltenders
Starting : Sergei Bobrovsky         
Backup : Tim Thomas               

Extra Forwards
Normal : John Tavares, Kyle Turris, Marcus Kruger - PP : John Tavares, Kyle Turris - PK : Marcus Kruger
Extra Defensemen
Normal : Danny DeKeyser, Oscar Klefbom, Tyler Myers - PP : Danny DeKeyser - PK : Oscar Klefbom, Tyler Myers
Penalty Shots
Ryan Getzlaf, Alex Ovechkin, Frans Nielsen, Max Pacioretty, John Tavares

Wild

5 vs 5 Forward 
   Center                   Left Wing                Right Wing               Time % Phy DF OF 
 1 Alexandre Burrows        Thomas Vanek             Jordan Eberle            35     1   2  2  
 2 Maxime Talbot            Patrik Elias             Chris Neil               30     1   2  2  
 3 Jerred Smithson          Brad Marchand            Tuomo Ruutu              22     1   2  2  
 4 Michal Handzus           Drew Miller              Dana Tyrell              13     1   2  2  

5 vs 5 Defense 
   Defense                  Defense                                           Time % Phy DF OF 
 1 Cody Franson             Dan Boyle                                         35     1   2  2  
 2 Bryce Salvador           Mark Streit                                       30     1   2  2  
 3 Luke Schenn              Marek Zidlicky                                    22     1   2  2  
 4 Cody Franson             Luke Schenn                                       13     1   2  2  

PowerPlay Forward 
   Center                   Left Wing                Right Wing               Time % Phy DF OF 
 1 Patrik Elias             Thomas Vanek             Jordan Eberle            60     1   2  2  
 2 Alexandre Burrows        Maxime Talbot            Dana Tyrell              40     1   2  2  

PowerPlay Defense
   Defense                  Defense                                           Time % Phy DF OF 
 1 Cody Franson             Dan Boyle                                         60     1   2  2  
 2 Bryce Salvador           Mark Streit                                       40     1   2  2  

Penalty Kill 4 Players Forward 
   Center                   Wing                     Time % Phy DF OF 
 1 Patrik Elias             Thomas Vanek             60     1   2  2  
 2 Jordan Eberle            Drew Miller              40     1   2  2  

Penalty Kill 4 Players Defense
   Defense                  Defense                  Time % Phy DF OF 
 1 Cody Franson             Dan Boyle                60     1   2  2  
 2 Bryce Salvador           Luke Schenn              40     1   2  2  

Penalty Kill - 3 Players Forward 
   Forward                                           Time % Phy DF OF 
 1 Patrik Elias                                      60     1   2  2  
 2 Thomas Vanek                                      40     1   2  2  

Penalty Kill - 3 Players Defense
   Defense                  Defense                  Time % Phy DF OF 
 1 Cody Franson             Dan Boyle                60     1   2  2  
 2 Bryce Salvador           Luke Schenn              40     1   2  2  

4 vs 4 Forward 
   Center                   Wing                     Time % Phy DF OF 
 1 Patrik Elias             Thomas Vanek             60     1   2  2  
 2 Jordan Eberle            Alexandre Burrows        40     1   2  2  

4 vs 4 Defense
   Defense                  Defense                  Time % Phy DF OF 
 1 Cody Franson             Dan Boyle                60     1   2  2  
 2 Bryce Salvador           Mark Streit              40     1   2  2  

Last Minutes Offensive
   Center                   Left Wing                Right Wing               Defense                  Defense                  
   Patrik Elias             Thomas Vanek             Jordan Eberle            Cody Franson             Dan Boyle                

Last Minutes Defensive
   Center                   Left Wing                Right Wing               Defense                  Defense                  
   Patrik Elias             Thomas Vanek             Jordan Eberle            Cody Franson             Dan Boyle                

Goaltenders
Starting : Niklas Backstrom         
Backup : Antti Niemi              

Extra Forwards
Normal : Brad Marchand, Michal Handzus, Drew Miller - PP : Brad Marchand, Michal Handzus - PK : Drew Miller
Extra Defensemen
Normal : Mark Streit, Luke Schenn, Bryce Salvador - PP : Mark Streit - PK : Luke Schenn, Bryce Salvador
Penalty Shots
Patrik Elias, Thomas Vanek, Jordan Eberle, Michal Handzus, Dana Tyrell

% Time on Ice - Jets

Lines # - Real PCT - Wanted PCT - Time Play
Normal Forward
1 - 23% - 35% - 10:58
2 - 37% - 30% - 17:51
3 - 22% - 22% - 10:31
4 - 19% - 13% - 9:21
Normal Defense
1 - 33% - 35% - 16:00
2 - 37% - 30% - 18:09
3 - 22% - 22% - 10:29
4 - 8% - 13% - 4:03
PP Forward
1 - 58% - 60% - 4:27
2 - 42% - 40% - 3:15
PP Defense
1 - 69% - 60% - 5:21
2 - 31% - 40% - 2:21
PK Forward
1 - 100% - 60% - 3:37
2 - 0% - 40% - 0:00
PK Defense
1 - 79% - 60% - 2:51
2 - 21% - 40% - 0:46
PK3 Forward
1 - 0% - 60%
2 - 0% - 40%
PK3 Defense
1 - 0% - 60%
2 - 0% - 40%
44 Forward
1 - 0% - 60%
2 - 0% - 40%
44 Defense
1 - 0% - 60%
2 - 0% - 40%
Last Minute Offensive  - 0:00
Last Minute Defensive  - 0:00
Total
Forward - 60:00
Defense - 60:00

% Time on Ice - Wild

Lines # - Real PCT - Wanted PCT - Time Play
Normal Forward
1 - 31% - 35% - 15:12
2 - 30% - 30% - 14:35
3 - 23% - 22% - 11:07
4 - 16% - 13% - 7:47
Normal Defense
1 - 32% - 35% - 15:38
2 - 35% - 30% - 17:10
3 - 26% - 22% - 12:26
4 - 7% - 13% - 3:27
PP Forward
1 - 52% - 60% - 1:52
2 - 48% - 40% - 1:45
PP Defense
1 - 65% - 60% - 2:20
2 - 35% - 40% - 1:17
PK Forward
1 - 84% - 60% - 6:27
2 - 16% - 40% - 1:15
PK Defense
1 - 77% - 60% - 5:54
2 - 23% - 40% - 1:48
PK3 Forward
1 - 0% - 60%
2 - 0% - 40%
PK3 Defense
1 - 0% - 60%
2 - 0% - 40%
44 Forward
1 - 0% - 60%
2 - 0% - 40%
44 Defense
1 - 0% - 60%
2 - 0% - 40%
Last Minute Offensive  - 0:00
Last Minute Defensive  - 0:00
Total
Forward - 60:00
Defense - 60:00

Play by Play

1st period


0:01 of 1st period - Alexandre Burrows wins face-off versus Ryan Getzlaf in neutral zone.
0:18 of 1st period - Wrist shot by Thomas Vanek.
0:18 of 1st period - Stopped by Sergei Bobrovsky without a rebound.
0:19 of 1st period - Ryan Getzlaf wins face-off versus Alexandre Burrows in Jets zone.
1:06 of 1st period - Snap shot by Wayne Simmonds.
1:06 of 1st period - Deflect By Max Pacioretty.
1:06 of 1st period - Goal by Max Pacioretty - Jets : 1 - Wild : 0.
1:07 of 1st period - Jerred Smithson wins face-off versus Frans Nielsen in neutral zone.
1:10 of 1st period - Kris Russell is hit by Jerred Smithson and loses puck.
1:35 of 1st period - Snap shot by Tuomo Ruutu.
1:35 of 1st period - Shot Misses the Net.
1:37 of 1st period - Snap shot by Brad Marchand.
1:37 of 1st period - Deflect By Kris Russell.
1:37 of 1st period - Stopped by Sergei Bobrovsky without a rebound.
1:38 of 1st period - Michal Handzus wins face-off versus John Tavares in Jets zone.
2:12 of 1st period - Slapshot by Michal Handzus.
2:12 of 1st period - Stopped by Sergei Bobrovsky with a rebound.
2:14 of 1st period - Wrist shot by Marek Zidlicky.
2:14 of 1st period - Deflect By John Tavares.
2:14 of 1st period - Stopped by Sergei Bobrovsky without a rebound.
2:15 of 1st period - Kyle Turris wins face-off versus Maxime Talbot in Jets zone.
3:09 of 1st period - Oliver Ekman-Larsson is hit by Thomas Vanek.
3:24 of 1st period - Slapshot by Kris Russell.
3:24 of 1st period - Shot Blocked by Bryce Salvador.
3:26 of 1st period - Backhand shot by Tyler Myers.
3:26 of 1st period - Shot Misses the Net.
3:28 of 1st period - Backhand shot by Tyler Myers.
3:28 of 1st period - Deflect By Wayne Simmonds.
3:28 of 1st period - Goal by Wayne Simmonds - Jets : 2 - Wild : 0.
3:29 of 1st period - John Tavares wins face-off versus Jerred Smithson in neutral zone.
3:38 of 1st period - Slapshot by Luke Schenn.
3:38 of 1st period - Shot Blocked by Kris Russell.
3:40 of 1st period - Slapshot by Luke Schenn.
3:40 of 1st period - Shot Hit the Post.
5:01 of 1st period - Wrist shot by Alex Ovechkin.
5:01 of 1st period - Shot Misses the Net.
5:03 of 1st period - Slapshot by Oliver Ekman-Larsson.
5:03 of 1st period - Goal by Oliver Ekman-Larsson - Jets : 3 - Wild : 0.
5:04 of 1st period - Alexandre Burrows wins face-off versus Ryan Getzlaf in neutral zone.
5:19 of 1st period - Snap shot by Ryan Getzlaf.
5:19 of 1st period - Shot Misses the Net.
5:31 of 1st period - Snap shot by Alex Ovechkin.
5:31 of 1st period - Shot Blocked by Mark Streit.
5:33 of 1st period - Slapshot by Danny DeKeyser.
5:33 of 1st period - Deflect By Ryan Getzlaf.
5:33 of 1st period - Goal by Ryan Getzlaf - Jets : 4 - Wild : 0.
5:33 of 1st period - Antti Niemi enters game.
5:34 of 1st period - Frans Nielsen wins face-off versus Dana Tyrell in neutral zone.
5:39 of 1st period - Snap shot by Frans Nielsen.
5:39 of 1st period - Deflect By Max Pacioretty.
5:39 of 1st period - Shot Misses the Net.
5:39 of 1st period - Puck is out of play.
5:40 of 1st period - Michal Handzus wins face-off versus Frans Nielsen in Wild zone.
5:59 of 1st period - Wrist shot by Frans Nielsen.
5:59 of 1st period - Shot Misses the Net.
6:01 of 1st period - Snap shot by Erik Johnson.
6:01 of 1st period - Shot Blocked by Dan Boyle.
6:03 of 1st period - Slapshot by Erik Johnson.
6:03 of 1st period - Shot Misses the Net.
6:50 of 1st period - Snap shot by Ryan Getzlaf.
6:50 of 1st period - Goal by Ryan Getzlaf - Jets : 5 - Wild : 0.
6:51 of 1st period - John Tavares wins face-off versus Alexandre Burrows in neutral zone.
6:53 of 1st period - Off-side.
6:54 of 1st period - John Tavares wins face-off versus Alexandre Burrows in neutral zone.
7:09 of 1st period - Wrist shot by John Tavares.
7:09 of 1st period - Shot Misses the Net.
7:11 of 1st period - Double Minor Penalty to Alexandre Burrows for Roughing.
7:12 of 1st period - Patrik Elias wins face-off versus Ryan Getzlaf in Wild zone.
7:12 of 1st period - Patrik Elias is hit by Alex Ovechkin.
7:22 of 1st period - Snap shot by Thomas Vanek.
7:22 of 1st period - Shot Misses the Net.
7:37 of 1st period - Wrist shot by Oliver Ekman-Larsson.
7:37 of 1st period - Stopped by Antti Niemi with a rebound.
7:39 of 1st period - Slapshot by Teemu Selanne.
7:39 of 1st period - Shot Misses the Net.
7:41 of 1st period - Snap shot by Alex Ovechkin.
7:41 of 1st period - Shot Blocked by Dan Boyle.
7:47 of 1st period - Snap shot by Ryan Getzlaf.
7:47 of 1st period - Shot Misses the Net.
7:49 of 1st period - Wrist shot by Ryan Getzlaf.
7:49 of 1st period - Goal by Ryan Getzlaf - Jets : 6 - Wild : 0.
7:50 of 1st period - Frans Nielsen wins face-off versus Patrik Elias in neutral zone.
8:01 of 1st period - Slapshot by Wayne Simmonds.
8:01 of 1st period - Stopped by Antti Niemi without a rebound.
8:02 of 1st period - Frans Nielsen wins face-off versus Patrik Elias in Wild zone.
8:47 of 1st period - Snap shot by Jordan Eberle.
8:47 of 1st period - Stopped by Sergei Bobrovsky without a rebound.
8:48 of 1st period - Ryan Getzlaf wins face-off versus Patrik Elias in Jets zone.
9:09 of 1st period - Wrist shot by Alex Ovechkin.
9:09 of 1st period - Stopped by Antti Niemi without a rebound.
9:10 of 1st period - Ryan Getzlaf wins face-off versus Patrik Elias in Wild zone.
9:49 of 1st period - Penalty to Alexandre Burrows is over, Alexandre Burrows is back on ice.
10:18 of 1st period - Drew Miller is hit by Wayne Simmonds and loses puck.
11:05 of 1st period - Bryce Salvador is hit by Alex Ovechkin.
11:36 of 1st period - Icing by Nick Bjugstad.
11:37 of 1st period - Michal Handzus wins face-off versus Kyle Turris in Jets zone.
12:04 of 1st period - Snap shot by Dana Tyrell.
12:04 of 1st period - Shot Misses the Net.
12:06 of 1st period - Wrist shot by Drew Miller.
12:06 of 1st period - Shot Misses the Net.
12:58 of 1st period - Snap shot by Oliver Ekman-Larsson.
12:58 of 1st period - Shot Blocked by Cody Franson.
14:24 of 1st period - Slapshot by Patrik Elias.
14:24 of 1st period - Shot Blocked by Kris Russell.
14:30 of 1st period - Snap shot by Maxime Talbot.
14:30 of 1st period - Shot Misses the Net.
14:34 of 1st period - Slapshot by Patrik Elias.
14:34 of 1st period - Shot Misses the Net.
14:36 of 1st period - Slapshot by Bryce Salvador.
14:36 of 1st period - Deflect By Kris Russell.
14:36 of 1st period - Stopped by Sergei Bobrovsky with a rebound.
14:38 of 1st period - Wrist shot by Bryce Salvador.
14:38 of 1st period - Deflect By Patrik Elias.
14:38 of 1st period - Shot Blocked by Kris Russell.
14:38 of 1st period - Kris Russell from Jets is injured at 14:38 of 1st period (Lacerated Right Calf).
14:39 of 1st period - Ryan Getzlaf wins face-off versus Alexandre Burrows in Jets zone.
14:39 of 1st period - Ryan Getzlaf is hit by Alexandre Burrows.
14:47 of 1st period - Wrist shot by Oliver Ekman-Larsson.
14:47 of 1st period - Shot Misses the Net.
14:49 of 1st period - Wrist shot by Teemu Selanne.
14:49 of 1st period - Stopped by Antti Niemi without a rebound.
14:50 of 1st period - Alexandre Burrows wins face-off versus Ryan Getzlaf in Wild zone.
14:50 of 1st period - Alexandre Burrows is hit by Alex Ovechkin.
15:06 of 1st period - Snap shot by Ryan Getzlaf.
15:06 of 1st period - Stopped by Antti Niemi with a rebound.
15:08 of 1st period - Snap shot by Teemu Selanne.
15:08 of 1st period - Shot Blocked by Alexandre Burrows.
16:06 of 1st period - Snap shot by Patrik Elias.
16:06 of 1st period - Shot Misses the Net.
16:30 of 1st period - Brad Marchand is hit by Ryan Getzlaf and loses puck.
16:52 of 1st period - Wrist shot by Ryan Getzlaf.
16:52 of 1st period - Deflect By John Tavares.
16:52 of 1st period - Shot Misses the Net.
16:52 of 1st period - Puck is out of play.
16:53 of 1st period - Alex Ovechkin wins face-off versus Michal Handzus in Wild zone.
17:45 of 1st period - Ryan Getzlaf is hit by Marek Zidlicky and loses puck.
18:29 of 1st period - Jordan Eberle is hit by Ryan Getzlaf and loses puck.
18:35 of 1st period - Minor Penalty to Alexandre Burrows for Hooking.
18:36 of 1st period - Alex Ovechkin wins face-off versus Patrik Elias in Wild zone.
19:40 of 1st period - Danny DeKeyser is hit by Drew Miller and loses puck.
Goals for this period are 6 for Jets vs 0 for Wild.
Shots for this period are 11 for Jets vs 6 for Wild.

2nd period


0:01 of 2nd period - Ryan Getzlaf wins face-off versus Patrik Elias in neutral zone.
0:06 of 2nd period - Cody Franson is hit by Alex Ovechkin and loses puck.
0:23 of 2nd period - Snap shot by Teemu Selanne.
0:23 of 2nd period - Shot Blocked by Cody Franson.
0:25 of 2nd period - Snap shot by Oliver Ekman-Larsson.
0:25 of 2nd period - Shot Misses the Net.
0:35 of 2nd period - Penalty to Alexandre Burrows is over, Alexandre Burrows is back on ice.
0:37 of 2nd period - Wrist shot by Oliver Ekman-Larsson.
0:37 of 2nd period - Stopped by Antti Niemi without a rebound.
0:38 of 2nd period - Frans Nielsen wins face-off versus Jerred Smithson in Wild zone.
0:47 of 2nd period - Jerred Smithson is hit by Wayne Simmonds and loses puck.
1:33 of 2nd period - Ryan Getzlaf is hit by Maxime Talbot and loses puck.
1:40 of 2nd period - Snap shot by Patrik Elias.
1:40 of 2nd period - Shot Blocked by Danny DeKeyser.
1:46 of 2nd period - Dan Boyle is hit by John Tavares and loses puck.
2:23 of 2nd period - Maxime Talbot is hit by Nick Bjugstad and loses puck.
2:47 of 2nd period - Patrik Elias is hit by Frans Nielsen and loses puck.
3:10 of 2nd period - Jordan Eberle is hit by Alex Ovechkin and loses puck.
3:25 of 2nd period - Oscar Klefbom is hit by Alexandre Burrows.
3:29 of 2nd period - Dan Boyle is hit by Tyler Myers and loses puck.
4:07 of 2nd period - Slapshot by Marek Zidlicky.
4:07 of 2nd period - Shot Blocked by Marcus Kruger.
4:09 of 2nd period - Slapshot by Luke Schenn.
4:09 of 2nd period - Goal by Luke Schenn - Jets : 6 - Wild : 1.
4:10 of 2nd period - Jerred Smithson wins face-off versus Max Pacioretty in neutral zone.
4:41 of 2nd period - Snap shot by Wayne Simmonds.
4:41 of 2nd period - Stopped by Antti Niemi with a rebound.
4:43 of 2nd period - Slapshot by Oliver Ekman-Larsson.
4:43 of 2nd period - Stopped by Antti Niemi with a rebound.
4:45 of 2nd period - Wrist shot by Max Pacioretty.
4:45 of 2nd period - Stopped by Antti Niemi without a rebound.
4:46 of 2nd period - Alexandre Burrows wins face-off versus Nick Bjugstad in Wild zone.
5:19 of 2nd period - Snap shot by Kyle Turris.
5:19 of 2nd period - Deflect By Alex Ovechkin.
5:19 of 2nd period - Shot Blocked by Jordan Eberle.
5:19 of 2nd period - Puck is out of play.
5:20 of 2nd period - Michal Handzus wins face-off versus Frans Nielsen in Wild zone.
5:44 of 2nd period - Wrist shot by Drew Miller.
5:44 of 2nd period - Stopped by Sergei Bobrovsky with a rebound.
5:46 of 2nd period - Slapshot by Bryce Salvador.
5:46 of 2nd period - Shot Misses the Net.
5:48 of 2nd period - Slapshot by Bryce Salvador.
5:48 of 2nd period - Shot Blocked by Wayne Simmonds.
5:50 of 2nd period - Snap shot by Drew Miller.
5:50 of 2nd period - Shot Misses the Net.
5:52 of 2nd period - Snap shot by Dana Tyrell.
5:52 of 2nd period - Deflect By Drew Miller.
5:52 of 2nd period - Shot Blocked by Oliver Ekman-Larsson.
5:52 of 2nd period - Puck is out of play.
5:53 of 2nd period - John Tavares wins face-off versus Maxime Talbot in Jets zone.
6:20 of 2nd period - Slapshot by Maxime Talbot.
6:20 of 2nd period - Stopped by Sergei Bobrovsky with a rebound.
6:22 of 2nd period - Snap shot by Patrik Elias.
6:22 of 2nd period - Stopped by Sergei Bobrovsky without a rebound.
6:23 of 2nd period - Kyle Turris wins face-off versus Alexandre Burrows in Jets zone.
6:34 of 2nd period - Wrist shot by Thomas Vanek.
6:34 of 2nd period - Stopped by Sergei Bobrovsky without a rebound.
6:35 of 2nd period - Kyle Turris wins face-off versus Alexandre Burrows in Jets zone.
6:55 of 2nd period - Minor Penalty to Alex Ovechkin for Hooking.
6:56 of 2nd period - Patrik Elias wins face-off versus Ryan Getzlaf in Jets zone.
7:46 of 2nd period - Slapshot by Dan Boyle.
7:46 of 2nd period - Shot Misses the Net.
7:58 of 2nd period - Snap shot by Maxime Talbot.
7:58 of 2nd period - Shot Blocked by Erik Johnson.
8:00 of 2nd period - Wrist shot by Maxime Talbot.
8:00 of 2nd period - Stopped by Sergei Bobrovsky with a rebound.
8:08 of 2nd period - Backhand shot by Mark Streit.
8:08 of 2nd period - Stopped by Sergei Bobrovsky without a rebound.
8:09 of 2nd period - Ryan Getzlaf wins face-off versus Patrik Elias in Jets zone.
8:55 of 2nd period - Penalty to Alex Ovechkin is over, Alex Ovechkin is back on ice.
9:09 of 2nd period - Slapshot by Marek Zidlicky.
9:09 of 2nd period - Stopped by Sergei Bobrovsky without a rebound.
9:10 of 2nd period - Frans Nielsen wins face-off versus Patrik Elias in Jets zone.
9:10 of 2nd period - Frans Nielsen is hit by Luke Schenn.
9:11 of 2nd period - Frans Nielsen from Jets is injured at 9:11 of 2nd period (Sprained Left Ankle).
9:12 of 2nd period - Ryan Getzlaf wins face-off versus Alexandre Burrows in Jets zone.
9:17 of 2nd period - Slapshot by Oliver Ekman-Larsson.
9:17 of 2nd period - Shot Misses the Net.
9:43 of 2nd period - Slapshot by Teemu Selanne.
9:43 of 2nd period - Shot Misses the Net.
9:45 of 2nd period - Snap shot by Alex Ovechkin.
9:45 of 2nd period - Shot Blocked by Cody Franson.
9:47 of 2nd period - Wrist shot by Erik Johnson.
9:47 of 2nd period - Stopped by Antti Niemi without a rebound.
9:48 of 2nd period - John Tavares wins face-off versus Maxime Talbot in Wild zone.
10:16 of 2nd period - Off-side.
10:17 of 2nd period - Teemu Selanne wins face-off versus Tuomo Ruutu in neutral zone.
10:30 of 2nd period - Slapshot by Dan Boyle.
10:30 of 2nd period - Stopped by Sergei Bobrovsky with a rebound.
10:32 of 2nd period - Snap shot by Brad Marchand.
10:32 of 2nd period - Stopped by Sergei Bobrovsky with a rebound.
10:34 of 2nd period - Snap shot by Jerred Smithson.
10:34 of 2nd period - Stopped by Sergei Bobrovsky with a rebound.
10:36 of 2nd period - Slapshot by Dan Boyle.
10:36 of 2nd period - Stopped by Sergei Bobrovsky with a rebound.
10:42 of 2nd period - Snap shot by Tuomo Ruutu.
10:42 of 2nd period - Shot Misses the Net.
10:44 of 2nd period - Snap shot by Jerred Smithson.
10:44 of 2nd period - Shot Misses the Net.
11:24 of 2nd period - Jordan Eberle is hit by Erik Johnson and loses puck.
12:51 of 2nd period - Snap shot by Kyle Turris.
12:51 of 2nd period - Deflect By Wayne Simmonds.
12:51 of 2nd period - Stopped by Antti Niemi with a rebound.
12:53 of 2nd period - Wrist shot by Kyle Turris.
12:53 of 2nd period - Shot Misses the Net.
13:05 of 2nd period - Bryce Salvador is hit by Ryan Getzlaf and loses puck.
13:14 of 2nd period - Slapshot by Alex Ovechkin.
13:14 of 2nd period - Stopped by Antti Niemi with a rebound.
13:16 of 2nd period - Slapshot by Teemu Selanne.
13:16 of 2nd period - Stopped by Antti Niemi with a rebound.
13:28 of 2nd period - Wayne Simmonds is hit by Maxime Talbot and loses puck.
13:39 of 2nd period - Bryce Salvador is hit by Max Pacioretty and loses puck.
14:02 of 2nd period - Wrist shot by John Tavares.
14:02 of 2nd period - Shot Misses the Net.
14:08 of 2nd period - John Tavares is hit by Alexandre Burrows and loses puck.
14:59 of 2nd period - Wrist shot by Tuomo Ruutu.
14:59 of 2nd period - Stopped by Sergei Bobrovsky with a rebound.
15:01 of 2nd period - Wrist shot by Luke Schenn.
15:01 of 2nd period - Goal by Luke Schenn - Jets : 6 - Wild : 2.
15:02 of 2nd period - Kyle Turris wins face-off versus Drew Miller in neutral zone.
15:09 of 2nd period - Kyle Turris is hit by Luke Schenn and loses puck.
15:30 of 2nd period - Slapshot by Marek Zidlicky.
15:30 of 2nd period - Stopped by Sergei Bobrovsky with a rebound.
16:14 of 2nd period - Thomas Vanek is hit by Wayne Simmonds and loses puck.
16:38 of 2nd period - Slapshot by Tyler Myers.
16:38 of 2nd period - Deflect By Teemu Selanne.
16:38 of 2nd period - Shot Misses the Net.
16:38 of 2nd period - Puck is out of play.
16:39 of 2nd period - Marcus Kruger wins face-off versus Jerred Smithson in Wild zone.
16:54 of 2nd period - Minor Penalty to Brad Marchand for Interference.
16:55 of 2nd period - Ryan Getzlaf wins face-off versus Patrik Elias in Wild zone.
17:07 of 2nd period - Icing by Teemu Selanne.
17:08 of 2nd period - Alex Ovechkin wins face-off versus Patrik Elias in Jets zone.
17:37 of 2nd period - Snap shot by Max Pacioretty.
17:37 of 2nd period - Deflect By John Tavares.
17:37 of 2nd period - Stopped by Antti Niemi with a rebound.
17:55 of 2nd period - Slapshot by Oliver Ekman-Larsson.
17:55 of 2nd period - Stopped by Antti Niemi with a rebound.
17:57 of 2nd period - Slapshot by Erik Johnson.
17:57 of 2nd period - Deflect By Wayne Simmonds.
17:57 of 2nd period - Stopped by Antti Niemi with a rebound.
17:59 of 2nd period - Backhand shot by Max Pacioretty.
17:59 of 2nd period - Stopped by Antti Niemi with a rebound.
18:01 of 2nd period - Slapshot by Danny DeKeyser.
18:01 of 2nd period - Stopped by Antti Niemi with a rebound.
18:54 of 2nd period - Penalty to Brad Marchand is over, Brad Marchand is back on ice.
18:58 of 2nd period - Brad Marchand is hit by Alex Ovechkin and loses puck.
19:33 of 2nd period - Slapshot by Alex Ovechkin.
19:33 of 2nd period - Shot Misses the Net.
19:43 of 2nd period - Danny DeKeyser is hit by Brad Marchand.
Goals for this period are 0 for Jets vs 2 for Wild.
Shots for this period are 13 for Jets vs 15 for Wild.

3rd period


0:01 of 3rd period - Ryan Getzlaf wins face-off versus Thomas Vanek in neutral zone.
0:48 of 3rd period - Icing by Oliver Ekman-Larsson.
0:49 of 3rd period - Ryan Getzlaf wins face-off versus Brad Marchand in Jets zone.
1:33 of 3rd period - Brad Marchand is hit by Wayne Simmonds and loses puck.
2:15 of 3rd period - Snap shot by Mark Streit.
2:15 of 3rd period - Stopped by Sergei Bobrovsky without a rebound.
2:16 of 3rd period - John Tavares wins face-off versus Maxime Talbot in Jets zone.
2:31 of 3rd period - Snap shot by Patrik Elias.
2:31 of 3rd period - Stopped by Sergei Bobrovsky without a rebound.
2:32 of 3rd period - John Tavares wins face-off versus Alexandre Burrows in Jets zone.
2:43 of 3rd period - Snap shot by Ryan Getzlaf.
2:43 of 3rd period - Stopped by Antti Niemi with a rebound.
2:49 of 3rd period - Snap shot by Thomas Vanek.
2:49 of 3rd period - Shot Blocked by Marcus Kruger.
3:01 of 3rd period - Wrist shot by Jordan Eberle.
3:01 of 3rd period - Stopped by Sergei Bobrovsky with a rebound.
3:03 of 3rd period - Wrist shot by Dan Boyle.
3:03 of 3rd period - Deflect By Jordan Eberle.
3:03 of 3rd period - Shot Misses the Net.
3:03 of 3rd period - Puck is out of play.
3:04 of 3rd period - Maxime Talbot wins face-off versus Kyle Turris in Jets zone.
3:17 of 3rd period - Wrist shot by Patrik Elias.
3:17 of 3rd period - Shot Misses the Net.
3:37 of 3rd period - Slapshot by Max Pacioretty.
3:37 of 3rd period - Goal by Max Pacioretty - Jets : 7 - Wild : 2.
3:38 of 3rd period - Ryan Getzlaf wins face-off versus Alexandre Burrows in neutral zone.
4:22 of 3rd period - Tyler Myers is hit by Luke Schenn and loses puck.
4:29 of 3rd period - Jordan Eberle is hit by Max Pacioretty and loses puck.
4:40 of 3rd period - Wrist shot by Max Pacioretty.
4:40 of 3rd period - Stopped by Antti Niemi with a rebound.
5:14 of 3rd period - Snap shot by Patrik Elias.
5:14 of 3rd period - Shot Misses the Net.
5:16 of 3rd period - Snap shot by Maxime Talbot.
5:16 of 3rd period - Shot Hit the Post.
5:18 of 3rd period - Slapshot by Mark Streit.
5:18 of 3rd period - Stopped by Sergei Bobrovsky with a rebound.
5:34 of 3rd period - Snap shot by Patrik Elias.
5:34 of 3rd period - Stopped by Sergei Bobrovsky with a rebound.
5:36 of 3rd period - Slapshot by Patrik Elias.
5:36 of 3rd period - Stopped by Sergei Bobrovsky without a rebound.
5:37 of 3rd period - John Tavares wins face-off versus Jerred Smithson in Jets zone.
5:46 of 3rd period - Snap shot by Max Pacioretty.
5:46 of 3rd period - Shot Misses the Net.
5:48 of 3rd period - Slapshot by Tyler Myers.
5:48 of 3rd period - Stopped by Antti Niemi without a rebound.
5:49 of 3rd period - John Tavares wins face-off versus Jerred Smithson in Wild zone.
5:53 of 3rd period - Minor Penalty to Brad Marchand for Interference.
5:54 of 3rd period - Patrik Elias wins face-off versus Ryan Getzlaf in Wild zone.
7:00 of 3rd period - Wrist shot by John Tavares.
7:00 of 3rd period - Goal by John Tavares - Jets : 8 - Wild : 2.
7:01 of 3rd period - Jerred Smithson wins face-off versus Ryan Getzlaf in neutral zone.
8:17 of 3rd period - Off-side.
8:18 of 3rd period - Nick Bjugstad wins face-off versus Maxime Talbot in neutral zone.
8:39 of 3rd period - Tyler Myers is hit by Chris Neil and loses puck.
8:50 of 3rd period - Snap shot by Patrik Elias.
8:50 of 3rd period - Stopped by Sergei Bobrovsky with a rebound.
9:10 of 3rd period - Snap shot by Thomas Vanek.
9:10 of 3rd period - Stopped by Sergei Bobrovsky with a rebound.
13:04 of 3rd period - Dana Tyrell is hit by Wayne Simmonds and loses puck.
13:32 of 3rd period - Bryce Salvador is hit by John Tavares.
13:39 of 3rd period - Minor Penalty to Ryan Getzlaf for Interference.
13:40 of 3rd period - Nick Bjugstad wins face-off versus Patrik Elias in Jets zone.
13:51 of 3rd period - Alex Ovechkin is hit by Cody Franson and loses puck.
15:15 of 3rd period - Slapshot by Mark Streit.
15:15 of 3rd period - Shot Blocked by Erik Johnson.
15:17 of 3rd period - Snap shot by Mark Streit.
15:17 of 3rd period - Goal by Mark Streit - Jets : 8 - Wild : 3.
15:18 of 3rd period - John Tavares wins face-off versus Jerred Smithson in neutral zone.
15:41 of 3rd period - Snap shot by Marek Zidlicky.
15:41 of 3rd period - Stopped by Sergei Bobrovsky with a rebound.
16:28 of 3rd period - Snap shot by Wayne Simmonds.
16:28 of 3rd period - Shot Misses the Net.
17:11 of 3rd period - Snap shot by Mark Streit.
17:11 of 3rd period - Shot Misses the Net.
17:27 of 3rd period - Snap shot by Alex Ovechkin.
17:27 of 3rd period - Stopped by Antti Niemi with a rebound.
18:04 of 3rd period - Patrik Elias is hit by Wayne Simmonds and loses puck.
18:15 of 3rd period - Erik Johnson is hit by Chris Neil and loses puck.
18:20 of 3rd period - Wrist shot by Patrik Elias.
18:20 of 3rd period - Stopped by Sergei Bobrovsky without a rebound.
18:21 of 3rd period - Jerred Smithson wins face-off versus Ryan Getzlaf in Jets zone.
18:28 of 3rd period - Wrist shot by Tuomo Ruutu.
18:28 of 3rd period - Shot Misses the Net.
18:48 of 3rd period - Slapshot by Brad Marchand.
18:48 of 3rd period - Stopped by Sergei Bobrovsky with a rebound.
19:20 of 3rd period - Wrist shot by Kyle Turris.
19:20 of 3rd period - Shot Misses the Net.
19:22 of 3rd period - Slapshot by Kyle Turris.
19:22 of 3rd period - Stopped by Antti Niemi without a rebound.
19:23 of 3rd period - Kyle Turris wins face-off versus Maxime Talbot in Wild zone.
19:42 of 3rd period - Patrik Elias is hit by Ryan Getzlaf and loses puck.
Goals for this period are 2 for Jets vs 1 for Wild.
Shots for this period are 7 for Jets vs 12 for Wild.


Output by the SimonT Hockey Simulator (STHS) for Eric Dolegowski -- Original Page W3C XHTML 1.0 Valid
Hockey Simulator - Hockey Simulation - Hockey Manager